 Dungeon Crawl Stone Soup version 0.28-a0-612-gcfc00ec14d (webtiles) character file.

Game seed: 18228523354123699587

8533 helsbecter the Cleaver (level 11, -6/151 HPs)
             Began as a Minotaur Berserker on Oct 5, 2021.
             Was a High Priest of Trog.
             Mangled by a naga (11 damage)
             ... on level 2 of the Lair of Beasts.
             The game lasted 00:23:10 (9369 turns).

helsbecter the Cleaver (Minotaur Berserker)         Turns: 9369, Time: 00:23:11

Health: -6/151     AC: 14    Str: 28    XL:     11   Next: 11%
Magic:  19/19      EV:  2    Int: 10    God:    Trog [*****.]
Gold:   669        SH: 15    Dex: 10    Spells: 10/10 levels left

rFire   . . .      SeeInvis .   K - +5 broad axe
rCold   . . .      Faith    .   r - +0 tower shield
rNeg    . . .      Spirit   .   J - +0 plate armour
rPois   .          Reflect  .   (helmet restricted)
rElec   .          Harm     .   q - +0 cloak
rCorr   .          Rampage  .   g - +0 pair of gloves
Will    .....                   (no boots)
Stlth   ..........              s - amulet of regeneration
HPRegen 1.35/turn               u - +6 ring of intelligence
MPRegen 0.16/turn               a - ring of Reimbursement {MP+9 Str+3}

@: berserking (expiring), lethally poisoned (-6 -> -6), constricted, very quick
A: horns 2, retaliatory headbutt
a: Renounce Religion, Berserk, Trog's Hand, Brothers in Arms


You were on level 2 of the Lair of Beasts.
You worshipped Trog.
Trog was extremely pleased with you.
You visited 2 branches of the dungeon, and saw 13 of its levels.

You collected 702 gold pieces.
You spent 33 gold pieces at shops.

Inventory:

Hand Weapons
 v - a +2 vorpal flail
 K - a +5 broad axe (weapon)
Missiles
 m - 2 boomerangs (quivered)
 I - a throwing net
Armour
 g - a +0 pair of gloves (worn)
 q - a +0 cloak (worn)
 r - a +0 tower shield (worn)
 J - a +0 plate armour (worn)
Jewellery
 a - the ring of Reimbursement (right hand) {MP+9 Str+3}
   (You found it on level 7 of the Dungeon)

   [ring of magical power]

   Str:       It affects your strength (+3).
   MP:        It affects your magic capacity (+9).
 c - an amulet of reflection
 s - an amulet of regeneration (around neck)
 u - a +6 ring of intelligence (left hand)
 D - a +6 ring of intelligence
 M - a ring of resist corrosion
Wands
 d - a wand of acid (15)
 e - a wand of charming (4)
 n - a wand of digging (7)
Scrolls
 b - 2 scrolls of magic mapping
 i - a scroll of holy word
 j - 7 scrolls of teleportation
 k - 3 scrolls of fear {unknown}
 l - a scroll of enchant armour {unknown}
 o - 3 scrolls of enchant weapon {unknown}
 w - a scroll of acquirement {unknown}
 x - 2 scrolls of amnesia {unknown}
 y - a scroll of immolation {unknown}
 z - a scroll of blinking {unknown}
 E - 4 scrolls of silence {unknown}
 H - a scroll of vulnerability {unknown}
Potions
 f - 2 potions of haste
 h - 9 potions of curing
 p - 3 potions of might
 t - a potion of attraction
 A - a potion of invisibility
 B - a potion of heal wounds {unknown}
 C - a potion of berserk rage {unknown}
 F - a potion of mutation {unknown}
 G - 2 potions of flight {unknown}
 L - a potion of cancellation {unknown}


   Skills:
 + Level 10.9 Fighting
 * Level 14.7 Axes
 + Level 4.9 Armour
 - Level 2.1 Dodging
 + Level 9.6 Shields


You had 10 spell levels left.
You didn't know any spells.
Your spell library was empty.

Dungeon Overview and Level Annotations

Branches:
Dungeon (11/15)            Temple (0/1) D:7            Lair (2/6) D:11
  Snake (0/4) Lair:2          Orc (0/2) D:11
  Swamp: Lair:2-4    Shoals: Lair:2-4

Altars:
Ashenzari
Elyvilon
Fedhas
Gozag
Hepliaklqana
Nemelex Xobeh
Qazlal
Ru
Sif Muna
Trog
Wu Jian
Xom
Yredelemnul

Shops:
D:1 *   D:2 [(!   D:9 *

Annotations:
D:10 3 runed translucent doors, HuGe's ghost, journeyman HOBe


Innate Abilities, Weirdness & Mutations

You have a pair of horns on your head.
You reflexively headbutt those who attack you in melee.


Message History

You feel very sick. The naga hits you but does no damage.
You block the naga's attack.
The naga hits you with a +0 morningstar!
The naga constricts you.
You slash the naga! You headbutt the naga.
The naga is almost dead.
You hit the naga.
You feel very sick. You block the naga's attack.
You barely miss the naga.
The naga is almost dead.
You slash the naga!
You feel sick. You block the naga's attack.
The naga hits you with a +0 morningstar!
* * * LOW HITPOINT WARNING * * *
The naga constricts you. The naga hits you but does no damage.
You barely miss the naga.
The naga is almost dead.
You slice the naga!!
You kill the naga!
Trog accepts your kill.
You feel sick. The naga completely misses you. You block the naga's attack.
The naga constricts you.
* * * LOW HITPOINT WARNING * * *
You closely miss the naga.
The naga is almost dead.
You feel sick.
The naga hits you from afar with a +0 glaive!
* * * LOW HITPOINT WARNING * * *
The naga spits poison at you. You block the splash of poison.
The naga constricts you.
* * * LOW HITPOINT WARNING * * *
You hit the naga.
The naga is almost dead.
You feel sick.
The naga hits you with a +0 morningstar!
* * * LOW HITPOINT WARNING * * *
The naga constricts you.
* * * LOW HITPOINT WARNING * * *
The naga hits you from afar with a +0 glaive!
You die...

## #
#####+#.##
...#.......P#
P≈....)@...+
≈≈≈≈≈..N...#
≈≈≈≈≈N.)...#
≈≈..≈≈≈....#
P....≈≈≈....#
≈...≈P≈≈...##
..>...≈≈...#
......≈≈P###
≈.P..≈≈≈..


You could see 2 nagas.

Vanquished Creatures
  A two-headed ogre (D:11)
  A centaur zombie (D:10)
  Maurice (D:10)
  2 cane toads (Lair:1)
  Joseph (D:8)
  2 gargoyles (D:11)
  A troll (D:11)
  Grinder (D:4)
  A yak (D:9)
  Sigmund (D:4)
  3 shadows (D:11)
  2 wraiths (D:10)
  A wyvern (Lair:2)
  A vampire (D:10)
  2 steam dragons
  Edmund (D:4)
  A naga (Lair:2)
  An acid dragon (D:5)
  A water moccasin (D:9)
  5 orc warriors
  An ice beast (D:5)
  A black bear (D:7)
  An ogre (D:4)
  2 centaurs
  3 kobold brigands
  2 wyvern zombies
  8 bullfrogs
  A gnoll sergeant (D:8)
  A scorpion (D:11)
  4 troll zombies (D:11)
  4 wights
  3 howler monkeys
  A jelly (D:6)
  4 orc priests
  2 centaur skeletons
  2 gnoll shamans
  4 hounds
  4 iguanas
  4 orc wizards
  2 ogre zombies (D:11)
  A howler monkey zombie (D:8)
  Robin (D:4)
  12 adders
  12 gnolls
  A howler monkey skeleton (D:6)
  2 white imps
  3 ufetubi
  2 worms
  2 dart slugs
  19 orcs
  4 bats (D:1)
  7 endoplasms
  4 giant cockroaches
  8 hobgoblins
  9 jackals
  24 kobolds
  4 quokkas
  6 ball pythons
  2 frilled lizards
  13 goblins
  2 goblin skeletons (D:11)
  3 goblin zombies (D:11)
  A hobgoblin skeleton (D:11)
  4 hobgoblin zombies (D:11)
  An orc skeleton (D:11)
  8 orc zombies (D:11)
  7 rats
246 creatures vanquished.

Vanquished Creatures (others)
  6 fungi
  6 plants
12 creatures vanquished.

Grand Total: 258 creatures vanquished

Notes
Turn   | Place    | Note
-------+----------+-------------------------------------------
     0 | D:1      | helsbecter the Minotaur Berserker began the quest for the
                  | Orb.
     0 | D:1      | Reached XP level 1. HP: 19/19 MP: 0/0
    94 | D:1      | Found Dumeff's Assorted Antiques.
   144 | D:1      | Reached skill level 4 in Axes
   268 | D:1      | Reached XP level 2. HP: 21/27 MP: 1/1
   427 | D:1      | Found a faded altar of an unknown god.
   486 | D:1      | You fall into a shaft and drop 1 floor!
   743 | D:2      | Reached XP level 3. HP: 33/33 MP: 2/2
   747 | D:2      | Found Qifilen's Antique Weapon Shop.
   783 | D:2      | Found Teetar's Armour Shop.
   858 | D:2      | Found Kuomea's Distillery.
   911 | D:2      | Bought a potion of curing for 33 gold pieces
   953 | D:2      | Reached skill level 5 in Axes
  1271 | D:2      | Reached XP level 4. HP: 31/41 MP: 3/3
  1966 | D:3      | Reached ** piety under Trog
  2325 | D:3      | Reached skill level 6 in Axes
  2444 | D:3      | Reached skill level 5 in Fighting
  2444 | D:3      | Reached XP level 5. HP: 46/48 MP: 4/4
  2646 | D:4      | Reached skill level 1 in Shields
  2705 | D:4      | Found a blossoming altar of Fedhas.
  2804 | D:4      | Noticed Grinder
  2811 | D:4      | Paralysed by Grinder for 6 turns
  2818 | D:4      | Paralysed by Grinder for 3 turns
  2827 | D:4      | Paralysed by Grinder for 4 turns
  2832 | D:4      | Killed Grinder
  2833 | D:4      | Reached skill level 7 in Axes
  2833 | D:4      | Reached XP level 6. HP: 56/57 MP: 5/5
  2893 | D:4      | Noticed Robin
  2899 | D:4      | Reached *** piety under Trog
  2907 | D:4      | Killed Robin
  2908 | D:4      | Reached XP level 7. HP: 62/62 MP: 6/6
  2985 | D:4      | Noticed Edmund
  2999 | D:4      | Killed Edmund
  3000 | D:4      | Reached skill level 8 in Axes
  3011 | D:4      | Noticed Sigmund
  3043 | D:4      | Killed Sigmund
  3380 | D:5      | Entered Level 5 of the Dungeon
  3529 | D:5      | Reached skill level 9 in Axes
  3529 | D:5      | Reached XP level 8. HP: 45/71 MP: 7/7
  4130 | D:5      | Found an opulent altar of Gozag.
  4131 | D:5      | Found a sparkling altar of Nemelex Xobeh.
  4447 | D:6      | Found a large runed translucent door.
  4450 | D:6      | Found a large runed translucent door.
  4544 | D:6      | Reached skill level 5 in Shields
  4578 | D:6      | Reached skill level 10 in Axes
  4877 | D:6      | Reached **** piety under Trog
  4982 | D:6      | Found a basalt altar of Yredelemnul.
  4991 | D:6      | Found a broken altar of Ashenzari.
  5046 | D:7      | Identified the ring of Reimbursement {MP+9 Str+3}
  5120 | D:7      | Found a staircase to the Ecumenical Temple.
  5141 | D:7      | Found a hazy altar of Hepliaklqana.
  5141 | D:7      | Found a shimmering altar of Xom.
  5143 | D:7      | Found an ornate altar of the Wu Jian Council.
  5146 | D:7      | Found a sacrificial altar of Ru.
  5147 | D:7      | Found a stormy altar of Qazlal.
  5350 | D:7      | Reached XP level 9. HP: 73/81 MP: 8/8
  5593 | D:8      | Noticed Joseph
  5604 | D:8      | Killed Joseph
  5605 | D:8      | Reached skill level 11 in Axes
  5821 | D:8      | Reached skill level 12 in Axes
  6040 | D:9      | Found a bloodstained altar of Trog.
  6040 | D:9      | Found a white marble altar of Elyvilon.
  6118 | D:9      | Found Reusey's Serpentskin Sales.
  6190 | D:9      | Found a shimmering blue altar of Sif Muna.
  6345 | D:9      | Reached ***** piety under Trog
  6791 | D:10     | Entered Level 10 of the Dungeon
  6952 | D:10     | Found a runed translucent gate.
  6952 | D:10     | Found a runed translucent gate.
  6952 | D:10     | Found a runed translucent gate.
  6953 | D:10     | Noticed a 12-headed hydra
  6954 | D:10     | Noticed HuGe's ghost (journeyman HOBe)
  6984 | D:10     | Reached XP level 10. HP: 91/91 MP: 9/9
  6987 | D:10     | Reached skill level 13 in Axes
  7029 | D:10     | Noticed Maurice
  7044 | D:10     | Killed Maurice
  7294 | D:10     | Reached skill level 10 in Fighting
  7595 | D:11     | Noticed a two-headed ogre
  7603 | D:11     | Killed a two-headed ogre
  7747 | D:11     | Noticed a gargoyle
  7756 | D:11     | Killed a gargoyle
  7757 | D:11     | Reached skill level 14 in Axes
  7811 | D:11     | Found a staircase to the Orcish Mines.
  7945 | D:11     | Received a gift from Trog
  8400 | D:11     | Found a staircase to the Lair.
  8530 | D:11     | Noticed a gargoyle
  8536 | D:11     | Killed a gargoyle
  8676 | Lair:1   | Entered Level 1 of the Lair of Beasts
  8835 | Lair:1   | Noticed a cane toad
  8841 | Lair:1   | Killed a cane toad
  8842 | Lair:1   | Reached XP level 11. HP: 58/101 MP: 10/10
  9353 | Lair:2   | Found a staircase to the Snake Pit.
  9369 | Lair:2   | HP: 6/151 [naga (13)]
  9369 | Lair:2   | Mangled by a naga

Illustrated notes

Levels and vault maps discovered:
D:1:      amcnicky_arrival_blooded_trapdoor, layout_basic,
          ebering_ecumenical_altar_hall, serial_shops,
          nicolae_shop_overgrown_old_shop
D:2:      layout_basic, serial_shops, shop, nicolae_lakefront_shop,
          nicolae_shop_crystal
D:3:      minmay_general_purpose_star, layout_rooms, glass_columns_b
D:4:      layout_loops_cross, fedhas_altar_fruit_tree,
          cheibrodos_sewer_entry_bend, sigmund_edmund_badplayer, uniq_grinder,
          uniq_robin
D:5:      layout_basic, grunt_temple_overflow_opulence, kennysheep_crisscross
D:6:      layout_basic, jmf_multi_god_temple2
D:7:      layout_cave_pools, grunt_temple_overflow_open,
          minmay_temple_entry_arrows
D:8:      layout_basic, dk_rats_in_the_wall, uniq_joseph
D:9:      layout_gridville, marbit_many_paths, gammafunk_temple_overflow_wave,
          guppyfry_shop_venom
D:10:     layout_irregular_city, gammafunk_ghost_hydra_chop, uniq_maurice
D:11:     layout_loops_corners, grunt_lair_entry_orc_guard_hut,
          zombieorc1_lemuel
Lair:1:   layout_loops_ring
Lair:2:   layout_roguey, guppyfry_snake_entry_island, gammafunk_ghost_icy,
          grunt_forest_large_clearings

Skill      XL: |  1  2  3  4  5  6  7  8  9 10 |
---------------+-------------------------------+-----
Axes           | 4 5 6 7 9 10 12 14 | 14.7
Fighting       | 4 5 6 8 9 10 | 10.9
Shields        | 2 4 6 7 9 |  9.6
Armour         | 4 |  4.9
Dodging        | |  2.1

Action                   |  1- 3 |  4- 6 |  7- 9 | 10-12 || total
-------------------------+-------+-------+-------+-------++-------
Melee: Hand axe          |    77 |   132 |   205 |       ||   414
       Headbutt          |     8 |    23 |    81 |    51 ||   163
       War axe           |       |       |   159 |   124 ||   283
       Broad axe         |       |       |       |    49 ||    49
Invok: Berserk           |       |     2 |     4 |     3 ||     9
  Use: Scroll            |       |       |    11 |     1 ||    12
 Stab: Distracted        |       |     1 |       |       ||     1
Armor: Animal skin       |     5 |       |       |       ||     5
       Chain mail        |    22 |    78 |   151 |    14 ||   265
       Plate armour      |       |       |       |    49 ||    49
Dodge: Dodged            |    32 |    42 |    54 |    24 ||   152
Block: Tower shield      |       |    17 |   283 |   114 ||   414

Table legend: (Time is in decaauts)
 A = Elapsed time spent in this place.
 B = Non-inter-level travel time spent in this place.
 C = Inter-level travel time spent in this place.
 D = Time resting spent in this place.
 E = Time spent auto-exploring this place.
 F = Levels seen in this place.
 G = Mean time per level.
                   A        B        C        D        E       F      G
               +--------+--------+--------+--------+--------+-----+--------+
         Total |   9602 |   9327 |    275 |    210 |   7198 |  13 |  738.6 |
       Dungeon |   8907 |   8647 |    260 |    196 |   6589 |  11 |  809.7 |
          Lair |    695 |    680 |     15 |     14 |    609 |   2 |  347.5 |
               +--------+--------+--------+--------+--------+-----+--------+

Top non-repeatable levels by time:
    D:11: 1180 daAuts
     D:5: 1025 daAuts
     D:2: 1004 daAuts
     D:4: 980 daAuts
     D:1: 964 daAuts
     D:9: 796 daAuts
    D:10: 752 daAuts
  Lair:1: 679 daAuts
     D:6: 654 daAuts
     D:8: 543 daAuts
     D:3: 540 daAuts
     D:7: 465 daAuts
  Lair:2: 16 daAuts
